 Dungeon Crawl Stone Soup version 0.29.1-13-g9f3cf754e1 (webtiles) character file.

Game seed: 17118755022796715202

6902 mopl the Ruffian (level 10, -6/102 HPs)
             Began as a Troll Arcane Marksman on Feb 10, 2023.
             Was a Priest of Okawaru.
             Mangled by a wyvern (15 damage)
             ... on level 9 of the Dungeon.
             The game lasted 00:11:00 (7310 turns).

mopl the Ruffian (Troll Arcane Marksman)            Turns: 7310, Time: 00:11:01

Health: -6/102     AC:  6    Str: 22    XL:     10   Next: 79%
Magic:  0/11       EV: 12    Int:  9    God:    Okawaru [***...]
Gold:   350        SH:  0    Dex: 12    Spells: 10/11 levels left

rFire   . . .      SeeInvis .     - Unarmed
rCold   . . .      Faith    .   (no shield)
rNeg    . . .      Spirit   +   c - +0 robe
rPois   .          Reflect  .   I - +1 hat
rElec   .          Harm     .   C - +0 cloak
rCorr   .          Rampage  .   (gloves unavailable)
Will    .....                   (boots unavailable)
Stlth   +.........              x - amulet of guardian spirit
HPRegen 1.07/turn               m - +4 ring of slaying
MPRegen 0.12/turn               (no ring)

@: no status effects
A: large, unfitting armour, claws 3, regeneration 1, shaggy fur 1, tough skin 1
a: Renounce Religion, Heroism


You were on level 9 of the Dungeon.
You worshipped Okawaru.
Okawaru was most pleased with you.
You visited 2 branches of the dungeon, and saw 10 of its levels.

You collected 462 gold pieces.
You spent 112 gold pieces at shops.

Inventory:

Hand Weapons
 a - a +1 sling
 z - a +0 whip of draining
 J - a +2 dagger of venom
 M - a +0 long sword of flaming
 N - a +2 whip of venom
Missiles
 h - 68 stones
 l - 11 poisoned darts (quivered)
 p - 11 boomerangs
 y - 5 javelins
 D - 3 throwing nets
 L - 2 curare-tipped darts
Armour
 c - a +0 robe (worn)
 C - a +0 cloak (worn)
 I - a +1 hat (worn)
Magical Staves
 o - a staff of earth
Jewellery
 m - a +4 ring of slaying (left claw)
 x - an amulet of guardian spirit (around neck)
Wands
 B - a wand of flame (20)
Scrolls
 b - 2 scrolls of poison
 e - 3 scrolls of immolation {unknown}
 g - 5 scrolls of teleportation
 i - 11 scrolls of identify {unknown}
 j - a scroll of torment {unknown}
 r - a scroll of brand weapon {unknown}
 s - a scroll of noise {unknown}
 u - a scroll of acquirement {unknown}
 w - a scroll of magic mapping {unknown}
 E - a scroll of enchant weapon {unknown}
 F - a scroll of silence {unknown}
 G - 3 scrolls of blinking {unknown}
 H - a scroll of vulnerability {unknown}
Potions
 d - a potion of berserk rage {unknown}
 f - 3 potions of degeneration {unknown}
 k - a potion of mutation {unknown}
 n - 7 potions of curing {unknown}
 q - a potion of brilliance {unknown}
 t - 2 potions of haste {unknown}
 v - 3 potions of heal wounds
 A - 2 potions of flight {unknown}
 K - a potion of resistance {unknown}


   Skills:
 - Level 7.0 Fighting
 + Level 3.6 Ranged Weapons
 + Level 4.4 Throwing
 + Level 0.8 Armour
 + Level 6.5 Dodging
 + Level 0.6 Stealth
 - Level 7.0 Unarmed Combat
 - Level 1.0 Spellcasting
 - Level 2.0 Hexes
 + Level 3.8 Invocations
 + Level 3.5 Evocations


You had 10 spell levels left.
You knew the following spells:

 Your Spells              Type           Power      Damage    Failure   Level
a - Slow                  Hex            16%        N/A       16%         1

Your spell library contained the following spells:

 Spells                   Type           Power      Damage    Failure   Level
 Sting                    Tmut/Pois      0%         1d3       36%         1
 Ensorcelled Hibernation  Hex/Ice        4%         N/A       36%         2
 Poisonous Vapours        Pois/Air       0%         N/A       50%         2
 Dazzling Flash           Conj/Hex       4%         N/A       58%         3
 Inner Flame              Hex/Fire       2%         N/A       58%         3
 Portal Projectile        Hex/Tloc       4%         N/A       58%         3
 Gell's Gravitas          Tloc           0%         N/A       73%         3
 Spider Form              Tmut/Pois      0%         N/A       73%         3
 Teleport Other           Tloc           0%         N/A       73%         3
 Cause Fear               Hex            2%         N/A       85%         4
 Anguish                  Hex/Necr       1%         N/A       94%         4
 Iskenderun's Mystic Bla  Conj/Tloc      0%         2d3       98%         4
 Olgreb's Toxic Radiance  Pois           0%         N/A       98%         4
 Dispersal                Tloc           0%         N/A       100%        6
 Starburst                Conj/Fire      0%         6d3       100%        6


Dungeon Overview and Level Annotations

Branches:
Dungeon (9/15)             Temple (1/1) D:7            Lair (0/5) D:9
    Orc: D:9-12

Altars:
Ashenzari
Cheibriados
Gozag
Hepliaklqana
Kikubaaqudgha
Nemelex Xobeh
Okawaru
Qazlal
Ru
Sif Muna
Uskayaw
Vehumet
Wu Jian
Zin

Shops:
D:5 *

Annotations:
D:7 3 runed translucent doors, NimIero's ghost, novice OgIE


Innate Abilities, Weirdness & Mutations

You are too large for most types of armour.
You have claws for hands.
Your natural rate of healing is unusually fast.
You are covered in fur. (AC +1)
You have tough skin. (AC +1)


Message History

The yak gores you but does no damage.
You completely miss the yak. You claw the yak!
The yak is moderately wounded.
The yak gores you.
You mangle the yak!!
The yak is almost dead.
You hear a bellow!
The wyvern bites you! The wyvern bites you!
The wyvern bites you but does no damage.
The wyvern closely misses you. The wyvern bites you! The yak misses you.
The wyvern attacks as you move away! The wyvern barely misses you.
The wyvern closely misses you.
You scratch the wyvern.
The wyvern is lightly wounded.
The wyvern bites you but does no damage.
You closely miss the wyvern. Your claw misses the wyvern.
The wyvern is lightly wounded.
The wyvern bites you but does no damage.
You scratch the wyvern but do no damage.
The wyvern is lightly wounded.
The wyvern bites you! x2
The wyvern attacks as you move away! The wyvern bites you.
The yak attacks as you move away! The yak gores you! x2
The wyvern hisses menacingly.
The wyvern bites you!
* * * LOW HITPOINT WARNING * * *
The wyvern bites you!
* * * LOW HITPOINT WARNING * * *
You feel like a meek peon again. The yak attacks as you move away!
The yak barely misses you. The wyvern bites you!
* * * LOW HITPOINT WARNING * * *
You see here a yak corpse.
You don't have enough magic at the moment.
You closely miss the wyvern. You claw the wyvern!
The wyvern is heavily wounded.
The wyvern bites you!
You die...

........###.##...................
.........>...#.................#.
.............#............<......
.............#.........#.#.......
.............#.............##....
.##..........#...Y....YY.........
.##.........##..YY.Y.Y.#.#.##....
.##.........####l#######..Y.YY...
................@##### #.#Y##....
.####........................Y...
..................#............#.
..................# .............
..................# #.##........
.##..#............# ##.........
.....#......##....#
...#.+...........###
...#.#..............


You could see 3 yaks and a wyvern.

Vanquished Creatures
  Gastronok (D:8)
  A manticore (D:6)
  Sigmund (D:2)
  A wyvern (D:8)
  9 yaks
  A steam dragon (D:8)
  Menkaure (D:5)
  A water moccasin (D:4)
  2 orc warriors
  An ice beast (D:5)
  An ogre (D:6)
  5 centaurs
  2 phantoms
  2 kobold brigands
  3 bullfrogs
  3 gnoll sergeants
  5 scorpions
  16 wights
  4 howler monkeys
  2 jellies
  2 hounds (D:5)
  2 orc priests
  Crazy Yiuf (D:4)
  2 gnoll boudas
  6 orc wizards
  2 iguanas
  20 gnolls
  13 adders
  A shadow imp (D:7)
  A white imp (D:6)
  2 worms
  A dart slug (D:4)
  24 orcs
  7 endoplasms
  4 giant cockroaches
  5 goblins
  7 hobgoblins
  4 jackals
  12 kobolds
  3 quokkas
  2 ball pythons
  6 bats
  2 frilled lizards
  3 rats
  A spectral goblin (D:1)
195 creatures vanquished.

Vanquished Creatures (others)
  A fungus (D:4)
  10 plants (D:4)
11 creatures vanquished.

Grand Total: 206 creatures vanquished

Notes
Turn   | Place    | Note
-------+----------+-------------------------------------------
     0 | D:1      | mopl the Troll Arcane Marksman began the quest for the Orb.
     0 | D:1      | Reached XP level 1. HP: 18/18 MP: 1/1
    74 | D:1      | Found a faded altar of an unknown god.
   258 | D:1      | Reached skill level 1 in Unarmed Combat
   396 | D:1      | Reached XP level 2. HP: 26/26 MP: 2/2
   708 | D:2      | Reached skill level 2 in Unarmed Combat
   760 | D:2      | Noticed Sigmund
   776 | D:2      | Killed Sigmund
   777 | D:2      | Reached skill level 5 in Unarmed Combat
   777 | D:2      | Reached XP level 3. HP: 16/32 MP: 3/3
   777 | D:2      | Reached XP level 4. HP: 20/40 MP: 4/4
   777 | D:2      | Reached XP level 5. HP: 23/46 MP: 5/5
  1415 | D:3      | Reached XP level 6. HP: 54/54 MP: 6/6
  1438 | D:3      | Reached skill level 6 in Unarmed Combat
  2103 | D:3      | Found an opulent altar of Gozag.
  2217 | D:4      | Found a shimmering blue altar of Sif Muna.
  2279 | D:4      | You fall into a shaft and drop 1 floor!
  2279 | D:5      | Entered Level 5 of the Dungeon
  2289 | D:5      | Noticed Menkaure
  2296 | D:5      | Killed Menkaure
  2322 | D:5      | Reached skill level 1 in Fighting
  2322 | D:5      | Reached skill level 7 in Unarmed Combat
  2420 | D:5      | Reached XP level 7. HP: 56/63 MP: 7/7
  2432 | D:5      | Identified the +1 ring mail of the Unseen Realm {Int+3
                  | Dex-2 Slay+6}
  2434 | D:5      | Found Mipin's General Store.
  2449 | D:5      | Bought a scroll of teleportation for 42 gold pieces
  2449 | D:5      | Bought a potion of heal wounds for 70 gold pieces
  2535 | D:4      | Reached skill level 2 in Fighting
  2587 | D:4      | Reached skill level 3 in Fighting
  2827 | D:4      | Found a snail-covered altar of Cheibriados.
  3272 | D:4      | Found a runed translucent door.
  3273 | D:4      | Noticed Crazy Yiuf
  3280 | D:4      | Killed Crazy Yiuf
  3450 | D:5      | Reached skill level 4 in Fighting
  3585 | D:5      | Reached skill level 5 in Fighting
  3585 | D:5      | Reached XP level 8. HP: 41/80 MP: 4/8
  3745 | D:5      | Reached skill level 2 in Dodging
  4299 | D:5      | Reached skill level 3 in Dodging
  4320 | D:5      | Reached skill level 6 in Fighting
  4578 | D:6      | Reached skill level 4 in Dodging
  4677 | D:6      | Reached XP level 9. HP: 78/86 MP: 9/9
  4846 | D:6      | Noticed a manticore
  4857 | D:6      | Killed a manticore
  4858 | D:6      | Reached skill level 7 in Fighting
  4858 | D:6      | Reached skill level 5 in Dodging
  5195 | D:7      | Found a glowing silver altar of Zin.
  5252 | D:7      | Reached skill level 1 in Throwing
  5257 | D:7      | Reached skill level 1 in Evocations
  5345 | D:7      | Reached skill level 2 in Ranged Weapons
  5420 | D:7      | Found a runed translucent gate.
  5420 | D:7      | Found a runed translucent gate.
  5421 | D:7      | Found a runed translucent gate.
  5422 | D:7      | Noticed NimIero's ghost (novice OgIE)
  5491 | D:7      | Found a staircase to the Ecumenical Temple.
  5507 | Temple   | Entered the Ecumenical Temple
  5555 | Temple   | Became a worshipper of Warmaster Okawaru
  5778 | D:7      | Reached skill level 2 in Throwing
  5781 | D:7      | Reached skill level 1 in Invocations
  5785 | D:7      | Reached skill level 2 in Evocations
  6221 | D:8      | Noticed Gastronok
  6322 | D:8      | Reached * piety under Okawaru
  6359 | D:8      | Reached skill level 2 in Invocations
  6419 | D:8      | Reached XP level 10. HP: 62/102 MP: 7/10
  6505 | D:8      | Reached skill level 3 in Throwing
  6620 | D:8      | Killed Gastronok
  6620 | D:8      | Reached ** piety under Okawaru
  6621 | D:8      | Reached skill level 3 in Ranged Weapons
  6621 | D:8      | Reached skill level 6 in Dodging
  6621 | D:8      | Reached skill level 3 in Invocations
  6621 | D:8      | Reached skill level 3 in Evocations
  6814 | D:9      | Reached *** piety under Okawaru
  6829 | D:8      | Reached skill level 4 in Throwing
  7115 | D:9      | Found a staircase to the Lair.
  7310 | D:9      | Mangled by a wyvern

Illustrated notes

Levels and vault maps discovered:
D:1:      scummos_arrival_forest, layout_loops_ring,
          dreamdust_ecumenical_altar_drowned_temple,
          wad_floor_pattern_untrapped, grunt_decor_cap
D:2:      layout_basic, uniq_sigmund
D:3:      layout_basic, marbit_many_paths
D:4:      layout_gridville, nicolae_sif_muna_condensation, slow_altar_2,
          minmay_misc_feat_rugged, chequers_big_river, uniq_crazy_yiuf_cottage
D:5:      layout_loops_corners, serial_shops, shop, uniq_menkaure
D:6:      layout_basic
D:7:      layout_basic, mainiacjoe_overflow_catwalk,
          minmay_temple_entry_slanted, gammafunk_ghost_nasty_kobolds
D:8:      layout_rooms, grunt_decor_resistance, uniq_gastronok
D:9:      layout_basic, lair_entry_dummy
Temple:   nicolae_temple_elliptical

Skill      XL: |  1  2  3  4  5  6  7  8  9 10 |
---------------+-------------------------------+-----
Unarmed Combat | 1 5 7 |  7.0
Fighting       | 1 5 6 7 |  7.0
Dodging        | 4 5 6 |  6.5
Throwing       | 2 4 |  4.4
Evocations     | 2 3 |  3.5
Ranged Weapons | 2 3 |  3.6
Invocations    | 2 3 |  3.8
Armour         | |  0.8
Stealth        | |  0.6
Spellcasting   | |  1.0
Hexes          | |  2.0

Action                   |  1- 3 |  4- 6 |  7- 9 | 10-12 || total
-------------------------+-------+-------+-------+-------++-------
Melee: Unarmed           |    56 |    94 |   263 |   141 ||   554
       Punch             |       |     2 |    14 |    11 ||    27
Throw: Dart              |       |       |       |     4 ||     4
Invok: Heroism           |       |       |       |     4 ||     4
Evoke: Wand              |       |       |       |     2 ||     2
 Stab: Sleeping          |       |     1 |     1 |       ||     2
       Distracted        |       |       |     1 |       ||     1
Armor: Robe              |    19 |    31 |    43 |    33 ||   126
Dodge: Dodged            |    24 |    36 |   137 |    96 ||   293
